Map: Catalyst LE

Players

wesCRUSHer

  • Race: Protoss Protoss
  • League: Platinum
  • Spawn Location: 5:00

CinDra - Winner!

  • Race: Zerg Zerg
  • League: Gold
  • Spawn Location: 11:00

VOD

Have the link to the VOD?

Description

Time

  • Played on: March 12, 2018, 10:26 p.m.
  • Length: 5:37
Show
View Real Time Build Order
Export as new Build Order

wesCRUSHer Protoss 

Build Orders:  

Get SALT Encoding   

  12  0:01  Probe  
  13  0:18  Pylon  
  13  0:21  Probe  
  14  0:33  Probe  
  15  0:38  Gateway  
  15  0:45  Probe  
  16  0:54  Assimilator  
  16  0:57  Probe (Chrono Boost)  
  17  1:09  Probe (Chrono Boost)  
  18  1:13  Pylon  
  18  1:14  Probe (Chrono Boost)  
  19  1:24  Probe  
  20  1:29  Zealot  
  22  1:36  Probe  
  23  1:41  Pylon  
  23  1:48  Probe  
  24  1:56  Cybernetics Core  
  24  2:01  Probe  
  25  2:13  Probe  
  26  2:17  Nexus  
  26  2:21  Zealot  
  28  2:47  Forge  
  28  2:48  Stalker  
  28  2:49  Probe  
  31  2:52  Assimilator  
  31  3:12  Pylon  
  31  3:15  Pylon  
  31  3:27  Pylon  
  31  3:29  Probe  
  31  3:30  Pylon  
  32  3:38  Photon Cannon  
  32  3:40  Gateway  
  32  3:41  Protoss Ground Armor Level 1  
  32  3:44  Assimilator  
  32  3:57  Pylon  
  28  4:16  Photon Cannon  
  25  4:20  Photon Cannon  
  6  4:53  Zealot  
  6  4:54  Probe  
  9  5:06  Probe  
  10  5:18  Probe  
Show
View Real Time Build Order
Export as new Build Order

CinDra Zerg - Winner!

Build Orders: Hatch First 

Get SALT Encoding   

  12  0:04  Drone  
  13  0:13  Overlord  
  13  0:17  Drone  
  14  0:31  Drone x2  
  16  0:36  Drone  
  17  0:56  Drone  
  18  0:58  Hatchery  
  17  1:05  Drone  
  17  1:07  Extractor  
  17  1:16  Spawning Pool  
  16  1:20  Drone  
  16  1:22  Drone  
  18  1:31  Drone  
  19  1:40  Overlord  
  19  2:07  Zergling x2  
  19  2:08  Queen  
  22  2:10  Queen  
  22  2:11  Zergling x2  
  22  2:15  Drone  
  26  2:19  Metabolic Boost  
  26  2:32  Zergling x4  
  26  2:33  Zergling x2  
  26  2:35  Drone  
  30  3:02  Queen  
  30  3:03  Drone  
  30  3:04  Drone x3  
  30  3:05  Overlord  
  36  3:27  Overlord  
  36  3:44  Hatchery  
  35  3:49  Drone x5  
  35  3:50  Drone x3  
  35  3:51  Overlord  
  42  4:21  Zergling x18  
  51  4:33  Drone  
  50  4:56  Drone x4  
  50  4:57  Drone x2  
  54  5:10  Drone x4  
  54  5:11  Overlord x3  
  58  5:19  Roach Warren  
  58  5:20  Drone  
  58  5:28  Extractor  
Tags
 
Matchup
PvZ
Spawn Locations
Cross Positions
Add a new tag
Caveats
  • Supply blocks, unpowered buildings, or Contaminate may cause inaccurate times.
  • Supply counts are checked every 10 seconds.